 Dungeon Crawl Stone Soup version 0.23.1-38-g628c18f (webtiles) character file.

Game seed: 16009957371387479662

234885 teukkam the Tortoise (level 18, -10/249 HPs)
             Began as a Minotaur Fighter on Mar 22, 2019.
             Was the Champion of Zin.
             Killed by divine providence
             ... invoked by a daeva
              (16 damage)
             ... on level 4 of the Abyss on Mar 28, 2019.
             The game lasted 03:39:27 (35280 turns).

teukkam the Tortoise (Minotaur Fighter)            Turns: 35280, Time: 03:39:29

Health: -10/249    AC: 32    Str: 34    XL:     18   Next: 46%
Magic:  27/27      EV:  9    Int: 12    God:    Zin [******]
Gold:   1214       SH: 13    Dex: 31    Spells: 12/17 levels left

rFire    + + .     SeeInvis .   a - +12 war axe of the Extremes {speed, +Blink Dex+8}
rCold    + + .     Gourm    .   l - +2 buckler
rNeg     + . .     Faith    .   A - +10 plate armour "Bysiecke" {rElec Dex+7}
rPois    +         Spirit   .   U - -2 hat of the Alchemist {rElec rPois rF+ rC+ rN+ MR+ rMut rCorr}
rElec    +         Reflect  +   R - +0 cloak "Caca" {rElec rF+ Int+7 Stlth+}
rCorr    +         Harm     .   s - +2 pair of gloves
rMut     +                      z - +0 pair of boots
MR       +++..                  C - +3 amulet of reflection
Stlth    ..........             u - ring "Pokoal" {Ice rElec rPois Dex+6 Slay+3}
HPRegen  0.51/turn              o - ring "Oxtonkir" {rF+ MR+}
MPRegen  0.20/turn

@: berserking, glowing, very quick
A: retaliatory headbutt, horns 2
}: 2/15 runes: decaying, serpentine
a: Recite, Vitalisation, Imprison, Sanctuary, Donate Gold, Renounce Religion,
Evoke Blink


You were on level 4 of the Abyss.
You worshipped Zin.
Zin was exalted by your worship.
You were not hungry.

You visited 5 branches of the dungeon, and saw 31 of its levels.
You visited the Abyss 1 time.
You visited 1 bazaar.
You also visited: Bailey and Volcano.

You collected 3645 gold pieces.
You spent 1227 gold pieces at shops.
You donated 1204 gold pieces to Zin.

Inventory:

Hand Weapons
 a - the +12 war axe of the Extremes (weapon) {speed, +Blink Dex+8}
   (You found it on level 5 of the Dungeon)

   Attacks with this weapon are significantly faster.
   It affects your dexterity (+8).
   It lets you blink.
 b - a +4 fustibalus
 k - the +8 whip "Snakebite" {curare, rPois}
   (You found it on level 1 of the Lair of Beasts)

   It poisons the flesh of those it strikes.
   It protects you from poison.
 n - the +1 halberd of Crawling {holy, +Blink rPois rF+ rC+ MR+}
   (You found it on level 10 of the Dungeon)

   It has been blessed by the Shining One to cause great damage to the undead
   and demons.
   It protects you from fire.
   It protects you from cold.
   It protects you from poison.
   It affects your resistance to hostile enchantments.
   It lets you blink.
 J - a +0 morningstar of distortion
 L - the +2 whip of Spontaneous Combustion {freeze, rElec SInv Stlth+}
   (You found it on level 5 of the Dungeon)

   It has been specially enchanted to freeze those struck by it, causing extra
   injury to most foes and up to half again as much damage against particularly
   susceptible opponents.
   It can also slow down cold-blooded creatures.
   It insulates you from electricity.
   It lets you see invisible.
   It makes you more stealthy.
 Q - the +5 trident "Juithe" {flame, rPois MR- Str+5}
   (You found it on level 6 of the Lair of Beasts)

   It has been specially enchanted to burn those struck by it, causing extra
   injury to most foes and up to half again as much damage against particularly
   susceptible opponents.
   It affects your strength (+5).
   It protects you from poison.
   It affects your resistance to hostile enchantments.
 W - the +7 mace "Ugem Tai" {freeze, rPois rC++ Str+6}
   (You found it on level 4 of the Swamp)

   It has been specially enchanted to freeze those struck by it, causing extra
   injury to most foes and up to half again as much damage against particularly
   susceptible opponents.
   It can also slow down cold-blooded creatures.
   It affects your strength (+6).
   It greatly protects you from cold.
   It protects you from poison.
Missiles
 t - 17 tomahawks
 v - 3 javelins
 w - 3 throwing nets
 x - 3 poisoned tomahawks
 y - 5 silver tomahawks
 F - 35 sling bullets
 N - 14 steel javelins (quivered)
Armour
 l - a +2 buckler (worn)
 s - a +2 pair of gloves (worn)
 z - a +0 pair of boots (worn)
 A - the +10 plate armour "Bysiecke" (worn) {rElec Dex+7}
   (You found it on level 4 of the Lair of Beasts)

   It affects your dexterity (+7).
   It insulates you from electricity.
 R - the +0 cloak "Caca" (worn) {rElec rF+ Int+7 Stlth+}
   (You found it on level 13 of the Dungeon)

   It affects your intelligence (+7).
   It protects you from fire.
   It insulates you from electricity.
   It makes you more stealthy.
 U - the -2 hat of the Alchemist (worn) {rElec rPois rF+ rC+ rN+ MR+ rMut rCorr}
   (You found it on level 2 of the Orcish Mines)

   It protects you from fire.
   It protects you from cold.
   It insulates you from electricity.
   It protects you from poison.
   It protects you from negative energy.
   It affects your resistance to hostile enchantments.
   It provides partial protection from all sources of acid and corrosion.
   It protects you from mutation.
Jewellery
 o - the ring "Oxtonkir" (right hand) {rF+ MR+}
   (You found it on level 3 of the Lair of Beasts)

   [ring of protection from magic]

   It protects you from fire.
   It affects your resistance to hostile enchantments.
 r - a +4 ring of evasion
 u - the ring "Pokoal" (left hand) {Ice rElec rPois Dex+6 Slay+3}
   (You acquired it on level 2 of the Orcish Mines)

   [ring of ice]

   It enhances your ice magic.
   It affects your dexterity (+6).
   It affects your accuracy and damage with ranged weapons and melee attacks
   (+3).
   It makes you vulnerable to fire.
   It protects you from cold.
   It insulates you from electricity.
   It protects you from poison.
 C - a +3 amulet of reflection (around neck)
 Z - a +1 ring of evasion
Wands
 h - a wand of clouds (6)
 E - a wand of paralysis (3)
 K - a wand of flame (45)
 M - a wand of disintegration (2)
 V - a wand of digging (14)
Scrolls
 c - a scroll of enchant armour
 g - a scroll of silence
 j - 15 scrolls of identify
 m - 12 scrolls of teleportation
 p - 3 scrolls of fear
 q - a scroll of amnesia
 B - 2 scrolls of immolation
 G - 5 scrolls of fog
 O - 3 scrolls of enchant weapon
 T - 6 scrolls of remove curse
 X - 2 scrolls of blinking
 Y - a scroll of magic mapping
Potions
 d - 5 potions of might
 i - 3 potions of flight
 H - 7 potions of agility
 I - 2 potions of magic {unknown}
 P - 10 potions of curing
 S - 2 potions of haste
Miscellaneous
 e - a crystal ball of energy
Comestibles
 f - 19 rations


   Skills:
 + Level 16.3 Fighting
 - Level 7.6(12.1) Axes
 + Level 14.0(14.6) Maces & Flails
 - Level 5.0(7.0) Polearms
 + Level 14.2 Slings
   Level 2.9 Crossbows
 + Level 16.4 Armour
 + Level 12.5 Stealth
 - Level 5.2 Shields
 + Level 13.6 Invocations


You had 12 spell levels left.
You knew the following spells:

 Your Spells              Type           Power        Failure   Level  Hunger
a - Blink                 Tloc           N/A          91%         2    ###....
b - Gell's Gravitas       Tloc           #.........   99%         3    ####...

Your spell library contained the following spells:

 Spells                   Type           Power        Failure   Level  Hunger
 Confusing Touch          Hex            #.....       80%         1    ##.....
 Corona                   Hex            #......      80%         1    ##.....
 Magic Dart               Conj           #...         80%         1    ##.....
 Summon Butterflies       Summ           #.......     80%         1    ##.....
 Summon Small Mammal      Summ           #...         80%         1    ##.....
 Call Imp                 Summ           #.......     91%         2    ###....
 Slow                     Hex            #.......     91%         2    ###....
 Call Canine Familiar     Summ           #.......     99%         3    ####...
 Confuse                  Hex            #.......     99%         3    ####...
 Conjure Flame            Conj/Fire      #.......     99%         3    ####...
 Inner Flame              Hex/Fire       #.......     99%         3    ####...
 Mephitic Cloud           Conj/Pois/Air  #.......     99%         3    ####...
 Portal Projectile        Hex/Tloc       #.....       99%         3    ####...
 Summon Guardian Golem    Hex/Summ       #.......     99%         3    ####...
 Cause Fear               Hex            #.........   100%        4    #####..
 Leda's Liquefaction      Hex/Erth       #.........   100%        4    #####..
 Petrify                  Tmut/Erth      #.......     100%        4    #####..
 Summon Ice Beast         Ice/Summ       #.......     100%        4    #####..
 Summon Lightning Spire   Summ/Air       #.......     100%        4    #####..
 Metabolic Englaciation   Hex/Ice        #.........   100%        5    ######.
 Summon Mana Viper        Hex/Summ       #.......     100%        5    ######.
 Yara's Violent Unravell  Hex/Tmut       #.........   100%        5    ######.
 Malign Gateway           Summ/Tloc      #.........   100%        7    #######
 Monstrous Menagerie      Summ           #.........   100%        7    #######
 Summon Greater Demon     Summ           #.........   100%        7    #######
 Summon Hydra             Summ           #.........   100%        7    #######
 Summon Horrible Things   Summ           #.........   100%        8    #######


Dungeon Overview and Level Annotations

Branches:
Dungeon (15/15)            Temple (0/1) D:4            Lair (6/6) D:10
  Swamp (4/4) Lair:3        Snake (4/4) Lair:2        Slime (0/5) Lair:6
    Orc (2/2) D:12            Elf (0/3) Orc:2
 Vaults: D:13-14     Depths: D:15

Altars:
Ashenzari
Dithmenos
Fedhas
Gozag
Makhleb
Nemelex Xobeh
Ru
Sif Muna
Vehumet
Xom
Yredelemnul
Zin
Beogh
Jiyva

Shops:
D:8 ?   Orc:2 :*??

Portals:
Hell: Lair:6


Innate Abilities, Weirdness & Mutations

You reflexively headbutt those who attack you in melee.
You have a pair of horns on your head.


Message History

The daeva hits you with a +4 scimitar of holy wrath!
* * * LOW HITPOINT WARNING * * *
The daeva hits you with a +4 scimitar of holy wrath!
* * * LOW HITPOINT WARNING * * *
The tentacled starspawn bites you!!
* * * LOW HITPOINT WARNING * * *
You block the tentacled starspawn's attack.
The daeva blocks your attack. x2
The daeva is lightly wounded.
You slash the tentacled starspawn! The daeva blocks your attack.
The daeva is lightly wounded.
You hit the tentacled starspawn. You slash the daeva!
The daeva blocks your attack.
The daeva is lightly wounded.
You slash the tentacled starspawn!
A tentacle flies out from the starspawn's body!
The daeva calls down the wrath of the Shining One upon you.
The Shining One smites you!
You die...

# # # ### #.
######4 #.#
## # .. .
.#. #..# .
.. #.#. .
.... ... #
#...│#
#>.#.#.# ##
. . #.##.#
...#
#...#wX###
#.# .
###..##@#§..
.## ###.#.A#
..## #.##...
. .# ## #..#
## .## # #
.### #


You could see a daeva, a tentacled starspawn and a starspawn tentacle.

Vanquished Creatures
  Vashnia (Snake:4)
  A lich (Abyss:4)
  The ghost of DavidChitty2 the Severer, an adept HOFi of Beogh (Swamp:4)
  A tentacled starspawn (Abyss:4)
  Kirke (Snake:4)
  8 nagarajas (Snake:4)
  Donald (Swamp:4)
  The ghost of Hylith the Blocker, a journeyman GnFi of Okawaru (D:13)
  A minotaur (Lair:2)
  An ettin (Orc:2)
  2 dire elephants (Lair:6)
  A blizzard demon (Abyss:3)
  Snorg (Orc:1)
  The ghost of Teosket the Grappler, a journeyman TrMo of Makhleb (Lair:2)
  19 hydras
  A yaktaur captain (D:12)
  A fire dragon (D:13)
  The ghost of Terandir the Cleaver, a journeyman MiFi of Cheibriados (D:12)
  7 naga warriors
  Harold (Lair:1)
  A shambling mangrove (Swamp:4)
  2 ghost crabs
  7 anacondas
  5 alligators
  2 catoblepae
  2 two-headed ogres
  A satyr (Abyss:3)
  12 death yaks
  An orc high priest (Orc:2)
  4 thrashing horrors (Abyss:4)
  A hell knight (Volcano)
  5 naga sharpshooters
  A soul eater (Abyss:4)
  4 wretched stars (Abyss:4)
  3 shock serpents
  A deep elf knight (Bailey)
  A spriggan druid (Swamp:4)
  5 salamander mystics
  A sixfirhy (Lair:6)
  7 swamp dragons (Swamp:4)
  4 starcursed masses
  7 naga ritualists
  A lindwurm (Lair:3)
  A wizard (Lair:6)
  A harpy (D:13)
  A wolf spider zombie (D:13)
  6 mana vipers
  A faun (shapeshifter) (D:8)
  6 orc sorcerers
  3 oklob plants (Lair:3)
  A shadow dragon skeleton (Abyss:4)
  11 ugly things
  A moth of wrath (D:13)
  10 salamanders
  10 deep elf magi
  A manticore (D:13)
  26 black mambas
  27 elephants
  5 cyclopes
  A spectral spriggan (Swamp:4)
  6 guardian serpents
  An apocalypse crab (Abyss:3)
  12 naga magi
  A torpor snail (Lair:6)
  Joseph (D:8)
  Psyche (D:10)
  15 spiny frogs
  A molten gargoyle (Volcano)
  3 orange demons (Lair:6)
  2 gargoyles
  A centaur zombie (D:13)
  Maurice (D:10)
  The ghost of dscm the Scratcher, a novice FeTm of Uskayaw (D:8)
  2 centaur skeletons
  2 smoke demons
  An efreet (D:14)
  4 komodo dragons
  3 rime drakes
  2 ancient zymes (Abyss:3)
  3 ice devils (Lair:6)
  A polar bear (Lair:5)
  4 tengu conjurers (D:14)
  8 trolls
  A tyrant leech (Swamp:4)
  A wolf spider simulacrum (D:14)
  13 hippogriffs
  3 raiju (Abyss:3)
  22 blink frogs
  5 bog bodies
  A raiju (shapeshifter) (Abyss:3)
  7 dream sheep (Lair:6)
  2 slime creatures (D:12)
  8 hornets
  A spectral tyrant leech (Swamp:4)
  A vampire (D:14)
  40 yaks
  5 wyverns
  3 shadows
  4 hogs (Snake:4)
  6 spriggans
  2 ynoxinuls
  An ice dragon skeleton (Abyss:3)
  2 wraiths
  4 basilisks
  8 large abominations
  2 fire bats (Volcano)
  A hungry ghost (D:12)
  4 vampire mosquitoes (D:14)
  A neqoxec (Abyss:3)
  4 chaos spawn
  2 spectral spiny frogs (Swamp:4)
  A soldier ant (D:13)
  46 nagas
  2 acid dragons (D:13)
  7 insubstantial wisps
  3 swamp worms (Swamp:4)
  24 water moccasins
  8 hell hounds
  11 swamp drakes
  13 porcupines
  3 sky beasts
  A spectral hornet (Swamp:4)
  An ice beast (D:13)
  4 black bears
  3 phantoms
  2 eyes of draining
  24 orc warriors
  17 wolves
  An alligator simulacrum (Swamp:4)
  17 ogres
  8 centaurs
  Blork the orc (Orc:2)
  3 big kobolds (D:12)
  10 crocodiles
  A tyrant leech simulacrum (Swamp:4)
  21 bullfrogs
  3 gnoll sergeants (D:12)
  A water moccasin zombie (D:9)
  11 scorpions
  A small abomination (Abyss:4)
  13 killer bees
  5 howler monkeys
  3 electric eels
  8 lava snakes
  2 bullfrog zombies
  2 crimson imps
  3 quasits
  4 hounds
  6 jellies
  19 orc priests
  3 bullfrog skeletons
  An iron imp (Orc:2)
  33 orc wizards
  Natasha (thrice) (D:4)
  A gnoll shaman (D:9)
  9 worker ants
  3 iguanas
  A spectral swamp drake (Swamp:4)
  A killer bee zombie (D:8)
  3 worker ant zombies
  Robin (D:4)
  19 adders
  10 gnolls
  5 shadow imps
  2 white imps
  3 oozes
  2 swamp drake simulacra (Swamp:4)
  2 adder skeletons (D:4)
  4 worms (D:2)
  6 dart slugs
  4 leopard geckos
  88 orcs
  6 bats
  4 giant cockroaches
  12 hobgoblins
  19 jackals
  6 kobolds
  4 quokkas
  2 ball pythons
  6 frilled lizards
  19 goblins
  A leopard gecko skeleton (D:7)
  A quokka skeleton (D:7)
  A quokka zombie (D:5)
  5 rats
  9 fungi
  A pillar of salt (Lair:6)
  4 plants
  A starspawn tentacle (Abyss:4)
1090 creatures vanquished.

Vanquished Creatures (collateral kills)
  A naga mage (Snake:3)
1 creature vanquished.

Vanquished Creatures (others)
  A nagaraja (Snake:4)
  A hydra (Swamp:4)
  2 naga sharpshooters (Snake:4)
  A large abomination (Abyss:4)
  A hornet (Swamp:4)
  A frost giant simulacrum (Abyss:4)
  2 humans (Snake:4)
  A naga (Snake:4)
  An insubstantial wisp (Abyss:4)
  An orc priest (Orc:2)
  An orc wizard (Orc:2)
  An orc (Orc:2)
  A bat (D:2)
  2 bushes (Lair:5)
  27 fungi
  8 plants
  2 starspawn tentacles (Abyss:4)
54 creatures vanquished.

Grand Total: 1145 creatures vanquished

Notes
Turn   | Place    | Note
-------+----------+-------------------------------------------
     0 | D:1      | teukkam the Minotaur Fighter began the quest for the Orb.
     0 | D:1      | Reached XP level 1. HP: 19/19 MP: 0/0
   106 | D:1      | Reached XP level 2. HP: 24/27 MP: 1/1
   375 | D:3      | Found a faded altar of an unknown god.
   390 | D:3      | Became a worshipper of Zin the Law-Giver
   390 | D:3      | Reached * piety under Zin
   430 | D:2      | Reached XP level 3. HP: 31/33 MP: 2/2
  1097 | D:2      | Found a radiant altar of Vehumet.
  1169 | D:2      | Reached XP level 4. HP: 19/40 MP: 3/3
  1176 | D:2      | HP: 2/40 [gnoll/+0 halberd (11)]
  1439 | D:2      | Found a sparkling altar of Nemelex Xobeh.
  1562 | D:2      | Reached ** piety under Zin
  1907 | D:3      | Reached XP level 5. HP: 47/47 MP: 4/4
  1946 | D:3      | Reached skill level 1 in Invocations
  2200 | D:3      | Donated 67 gold pieces to Zin
  2421 | D:3      | Reached *** piety under Zin
  2495 | D:4      | Reached skill level 5 in Shields
  2641 | D:4      | Found a staircase to the Ecumenical Temple.
  2651 | D:4      | Reached skill level 5 in Fighting
  2651 | D:4      | Reached skill level 5 in Armour
  2651 | D:4      | Reached XP level 6. HP: 41/56 MP: 6/6
  2767 | D:4      | Noticed Robin
  2786 | D:4      | Killed Robin
  3124 | D:4      | Noticed Natasha
  3129 | D:4      | Killed Natasha
  3158 | D:4      | Reached skill level 1 in Crossbows
  3275 | D:4      | Donated 76 gold pieces to Zin
  3571 | D:4      | Noticed Natasha
  3577 | D:4      | Killed Natasha
  3577 | D:4      | Reached XP level 7. HP: 61/61 MP: 7/7
  3771 | D:4      | Noticed Natasha
  3775 | D:4      | Killed Natasha
  3782 | D:5      | Entered Level 5 of the Dungeon
  3788 | D:5      | Got a faintly glowing whip
  3789 | D:5      | Identified the cursed +2 whip of Spontaneous Combustion
                  | {freeze, rElec SInv Stlth+} (You found it on level 5 of the
                  | Dungeon)
  3794 | D:5      | Found a shadowy altar of Dithmenos.
  3794 | D:5      | Found a shattered altar of Ashenzari.
  3919 | D:5      | Reached **** piety under Zin
  4130 | D:5      | Found a radiant altar of Vehumet.
  4136 | D:5      | Found a sacrificial altar of Ru.
  4378 | D:6      | Reached skill level 1 in Maces & Flails
  4525 | D:6      | Reached skill level 1 in Stealth
  5379 | D:6      | Reached XP level 8. HP: 70/70 MP: 9/9
  5403 | D:6      | Found a sacrificial altar of Ru.
  5547 | D:6      | Got a bone hand axe
  5552 | D:6      | Identified the +8 hand axe of the Chickpea {vamp, Str+4}
                  | (You found it on level 6 of the Dungeon)
  5905 | D:5      | Got a crystal war axe
  5906 | D:5      | Identified the +12 war axe of the Extremes {speed, +Blink
                  | Dex+8} (You found it on level 5 of the Dungeon)
  6102 | D:5      | Found a deep blue altar of Sif Muna.
  6456 | D:7      | Reached skill level 1 in Slings
  6458 | D:7      | Reached skill level 5 in Axes
  7017 | D:7      | Reached XP level 9. HP: 72/79 MP: 11/11
  7024 | D:7      | Found a blossoming altar of Fedhas.
  7561 | D:8      | Found Viblaic's Magic Scroll Shoppe.
  7632 | D:8      | Noticed Joseph
  7658 | D:8      | Killed Joseph
  7658 | D:8      | Reached skill level 5 in Invocations
  8006 | D:8      | Found a runed translucent gate.
  8006 | D:8      | Found a runed translucent gate.
  8008 | D:8      | Found an opulent altar of Gozag.
  8008 | D:8      | Found a runed translucent gate.
  8011 | D:8      | Noticed dscm's ghost (novice FeTm)
  8017 | D:8      | Noticed a harpy
  8133 | D:8      | Reached ***** piety under Zin
  8179 | D:8      | Reached ****** piety under Zin
  9014 | D:9      | Reached XP level 10. HP: 88/88 MP: 11/13
  9702 | D:10     | Entered Level 10 of the Dungeon
  9784 | D:10     | Reached skill level 5 in Slings
  9869 | D:10     | Found a flagged portal.
  9885 | D:10     | Got a crude halberd
  9890 | Bailey   | Entered a bailey
  9898 | Bailey   | Identified the +1 halberd of Crawling {holy, +Blink rPois
                  | rF+ rC+ MR+} (You found it on level 10 of the Dungeon)
  9906 | Bailey   | Noticed a deep elf mage
  9910 | Bailey   | Killed a deep elf mage
  9910 | Bailey   | Reached skill level 1 in Polearms
  9910 | Bailey   | Reached skill level 5 in Stealth
  9987 | Bailey   | Noticed a deep elf mage
  9990 | Bailey   | Noticed a deep elf mage
  9991 | Bailey   | Killed a deep elf mage
  9991 | Bailey   | Noticed a deep elf mage
  9994 | Bailey   | Killed a deep elf mage
  9994 | Bailey   | Noticed a deep elf mage
  9997 | Bailey   | Killed a deep elf mage
  9997 | Bailey   | Noticed a deep elf mage
 10000 | Bailey   | Killed a deep elf mage
 10001 | Bailey   | Noticed a deep elf mage
 10007 | Bailey   | Killed a deep elf mage
 10007 | Bailey   | Reached XP level 11. HP: 82/97 MP: 13/15
 10012 | Bailey   | Killed a deep elf mage
 10123 | Bailey   | Noticed a deep elf knight
 10128 | Bailey   | Killed a deep elf knight
 10209 | D:10     | Found a staircase to the Lair.
 10209 | D:10     | Noticed Psyche
 10220 | D:10     | Noticed a two-headed ogre
 10224 | D:10     | Noticed Maurice
 10235 | D:10     | Killed a two-headed ogre
 10381 | D:10     | Killed Psyche
 10444 | Lair:1   | Entered Level 1 of the Lair of Beasts
 10838 | Lair:1   | Reached skill level 10 in Armour
 11150 | Lair:1   | Reached skill level 10 in Fighting
 11157 | Lair:1   | Reached skill level 5 in Polearms
 11367 | Lair:1   | Found the +8 whip "Snakebite" {curare, rPois}
 11584 | Lair:1   | Got a bloodstained great sword
 11592 | Lair:1   | Identified the +7 great sword of Ravage {vamp, rC+} (You
                  | found it on level 1 of the Lair of Beasts)
 11693 | Lair:1   | Noticed Harold
 11708 | Lair:1   | Killed Harold
 11708 | Lair:1   | Reached XP level 12. HP: 83/107 MP: 16/16
 12522 | Lair:2   | Found a staircase to the Snake Pit.
 12878 | Lair:3   | Got an encrusted chain mail
 12890 | Lair:3   | Identified the +7 chain mail "Nommorim" {Str+5} (You found
                  | it on level 3 of the Lair of Beasts)
 13073 | Lair:3   | Found a staircase to the Swamp.
 13103 | Lair:3   | Reached skill level 5 in Maces & Flails
 13256 | Lair:4   | Got a polished plate armour
 13267 | Lair:4   | Identified the +10 plate armour "Bysiecke" {rElec Dex+7}
                  | (You found it on level 4 of the Lair of Beasts)
 13804 | Lair:3   | Noticed a six-headed hydra
 13817 | Lair:3   | Killed a six-headed hydra
 14869 | Lair:5   | Reached XP level 13. HP: 114/116 MP: 18/18
 14899 | Lair:5   | Found a dark tunnel.
 14917 | Volcano  | Entered a volcano
 15447 | Volcano  | Found a burning altar of Makhleb.
 16252 | Lair:5   | Reached skill level 10 in Slings
 16252 | Lair:5   | Reached XP level 14. HP: 117/127 MP: 20/20
 16266 | Lair:6   | Entered Level 6 of the Lair of Beasts
 16295 | Lair:5   | Reached skill level 10 in Invocations
 17200 | Lair:6   | Got a scorched trident
 17203 | Lair:6   | Identified the +5 trident "Juithe" {flame, rPois MR- Str+5}
                  | (You found it on level 6 of the Lair of Beasts)
 18073 | Lair:4   | Reached XP level 15. HP: 127/134 MP: 21/21
 18970 | Lair:6   | Found a burning altar of Makhleb.
 18993 | Lair:6   | Found a gateway to Hell.
 19204 | Lair:6   | Reached skill level 10 in Maces & Flails
 19226 | Lair:6   | Found a runed translucent door.
 19227 | Lair:6   | Found a viscous altar of Jiyva.
 19419 | Lair:6   | Found a staircase to the Slime Pits.
 20201 | Lair:2   | Reached skill level 10 in Stealth
 20275 | Lair:2   | Noticed Teosket's ghost (journeyman TrMo)
 20418 | Lair:2   | Found a runed translucent gate.
 20418 | Lair:2   | Found a runed translucent gate.
 20418 | Lair:2   | Found a runed translucent gate.
 20819 | D:10     | Killed Maurice
 21116 | D:11     | Found a basalt altar of Yredelemnul.
 21393 | D:12     | Found a transporter.
 21396 | D:12     | Noticed Terandir's ghost (journeyman MiFi)
 21444 | D:12     | Found a transporter.
 21962 | D:12     | Upgraded the game from 0.23.1-37-gaa34b87 to
                  | 0.23.1-38-g628c18f
 22250 | D:12     | Found a staircase to the Orcish Mines.
 22300 | Orc:1    | Entered Level 1 of the Orcish Mines
 22403 | Orc:2    | Entered Level 2 of the Orcish Mines
 22403 | Orc:2    | Found a staircase to the Elven Halls.
 22435 | Orc:2    | Noticed Snorg
 22447 | Orc:1    | Killed Snorg
 22612 | Orc:2    | Paralysed by an orc sorcerer for 2 turns
 22625 | Orc:2    | Found Enuenewu's Book Boutique.
 22625 | Orc:2    | Found Tennuam's Assorted Antiques.
 22633 | Orc:2    | Found Inidotist's Magic Scroll Shop.
 22634 | Orc:2    | Found Kokiuh's Magic Scroll Shop.
 22739 | Orc:2    | Paralysed by an orc sorcerer for 6 turns
 23021 | Orc:2    | Bought a scroll of acquirement for 520 gold pieces
 23023 | Orc:2    | Got a clouded amber ring
 23025 | Orc:2    | Identified the ring "Pokoal" {Ice rElec rPois Dex+6 Slay+3}
                  | (You acquired it on level 2 of the Orcish Mines)
 23227 | Orc:2    | Noticed Blork the orc
 23234 | Orc:2    | Killed Blork the orc
 23280 | Orc:2    | Found the -2 hat of the Alchemist {rElec rPois rF+ rC+ rN+
                  | MR+ rMut rCorr}
 23644 | Orc:1    | Found a shimmering altar of Xom.
 23774 | Orc:1    | Found a roughly hewn altar of Beogh.
 23819 | Orc:1    | You fall through a shaft!
 24312 | Swamp:1  | Entered Level 1 of the Swamp
 24345 | Swamp:3  | Reached XP level 16. HP: 146/146 MP: 23/23
 24448 | Swamp:4  | Entered Level 4 of the Swamp
 24505 | Swamp:4  | Found a runed translucent gate.
 24506 | Swamp:4  | Found a runed translucent gate.
 24516 | Swamp:4  | Found a runed translucent gate.
 24517 | Swamp:4  | Noticed DavidChitty2's ghost (adept HOFi)
 24541 | Swamp:4  | Killed DavidChitty2's ghost
 24554 | Swamp:4  | Got a crystal mace
 24559 | Swamp:4  | Identified the +7 mace "Ugem Tai" {freeze, rPois rC++
                  | Str+6} (You found it on level 4 of the Swamp)
 24619 | Swamp:4  | Noticed Donald
 24637 | Swamp:4  | Killed Donald
 25560 | Swamp:4  | Got a decaying rune of Zot
 26033 | Snake:1  | Entered Level 1 of the Snake Pit
 27067 | Snake:4  | Entered Level 4 of the Snake Pit
 27080 | Snake:4  | Found a flickering gateway to a bazaar.
 27113 | Bazaar   | Entered a bazaar
 27113 | Bazaar   | Found Miacw's Weapon Shop.
 27113 | Bazaar   | Found Poan's Weapon Shoppe.
 27113 | Bazaar   | Found Amote's Assorted Antiques.
 27115 | Bazaar   | Found Vath's Distillery.
 27115 | Bazaar   | Found Nackysol's Antique Armour Boutique.
 27173 | Bazaar   | Bought a potion of heal wounds for 60 gold pieces
 27173 | Bazaar   | Bought a potion of curing for 36 gold pieces
 27173 | Bazaar   | Bought a potion of curing for 36 gold pieces
 27189 | Bazaar   | Bought a scroll of blinking for 292 gold pieces
 27189 | Bazaar   | Bought a potion of curing for 117 gold pieces
 27194 | Bazaar   | Bought a pair of boots for 166 gold pieces
 27231 | Snake:4  | Reached skill level 15 in Armour
 27294 | Snake:4  | Reached skill level 15 in Fighting
 27388 | Snake:3  | Reached XP level 17. HP: 72/156 MP: 25/25
 28169 | Snake:4  | Noticed Vashnia
 28189 | Snake:4  | Noticed Kirke
 28194 | Snake:4  | Killed Vashnia
 28618 | Snake:4  | Killed Kirke
 29779 | Snake:4  | Got a serpentine rune of Zot
 30463 | D:12     | Gained mutation: You are weak. (Str -2) [mutagenic glow]
 30509 | D:12     | Gained mutation: Your body sometimes deteriorates upon
                  | taking damage. [mutagenic glow]
 30763 | D:13     | Found a transporter.
 30766 | D:13     | Noticed Hylith's ghost (journeyman GnFi)
 30797 | D:13     | Found a transporter.
 30888 | D:13     | Killed Hylith's ghost
 30894 | D:13     | Got a slimy cloak
 30905 | D:13     | Identified the +0 cloak "Caca" {rElec rF+ Int+7 Stlth+}
                  | (You found it on level 13 of the Dungeon)
 31122 | D:13     | Donated 886 gold pieces to Zin
 31148 | D:13     | Learned a level 2 spell: Blink
 31400 | D:13     | Got a twisted flail
 31404 | D:13     | Identified the +6 flail "Veoho" {crush, rPois rN+ Int-3
                  | Dex+3} (You found it on level 13 of the Dungeon)
 32006 | D:8      | Killed dscm's ghost
 32222 | D:12     | Killed Terandir's ghost
 32401 | Lair:2   | Killed Teosket's ghost
 32401 | Lair:2   | Reached XP level 18. HP: 158/166 MP: 26/26
 32720 | Lair:3   | Got a smoking lapis lazuli ring
 32722 | Lair:3   | Identified the ring "Oxtonkir" {rF+ MR+} (You found it on
                  | level 3 of the Lair of Beasts)
 32844 | D:9      | Learned a level 3 spell: Gell's Gravitas
 33013 | D:9      | Gained mutation: You are frail. (-10% HP) [mutagenic glow]
 33275 | D:10     | Lost mutation: Your body sometimes deteriorates upon taking
                  | damage. [potion of mutation]
 33275 | D:10     | Lost mutation: You are frail. (-10% HP) [potion of
                  | mutation]
 33275 | D:10     | Lost mutation: You are weak. (Str -2) [potion of mutation]
 33806 | D:15     | Entered Level 15 of the Dungeon
 34465 | D:10     | Cast into level 3 of the Abyss (a distortion unwield)
 34522 | Abyss:3  | Found an ancient bone altar of Kikubaaqudgha.
 34552 | Abyss:3  | Found a corrupted altar of Lugonu.
 35013 | Abyss:4  | Noticed a lich
 35030 | Abyss:4  | Killed a lich
 35277 | Abyss:4  | HP: 5/249 [tentacled starspawn (23)]
 35280 | Abyss:4  | Killed from afar by a daeva

Skill      XL: |  1  2  3  4  5  6  7  8  9 10 11 12 13 14 15 16 17 18 |
---------------+-------------------------------------------------------+-----
Shields        | 4 5 |  5.2
Armour         | 4 5 6 7 8 9 10 11 12 13 14 15 16 | 16.4
Fighting       | 4 5 6 7 8 9 10 11 12 14 15 16 | 16.3
Axes           | 3 4 5 6 7 |  7.6
Invocations    | 1 2 3 4 5 6 7 9 10 11 12 13 | 13.6
Crossbows      | 1 2 |  2.9
Maces & Flails | 2 3 4 6 8 9 10 12 13 14 | 14.0
Stealth        | 1 3 4 5 6 7 8 9 10 11 12 | 12.5
Slings         | 2 4 6 7 8 10 11 12 13 14 | 14.2
Polearms       | 3 5 |  5.0

Action                   |  1- 3 |  4- 6 |  7- 9 | 10-12 | 13-15 | 16-18 || total
-------------------------+-------+-------+-------+-------+-------+-------++-------
Melee: War axe           |    31 |   157 |   154 |   277 |   669 |   820 ||  2108
       Headbutt          |    31 |    29 |    62 |   103 |   277 |   364 ||   866
       Dagger            |    76 |    21 |       |       |       |       ||    97
       Whip              |       |       |   192 |    47 |    58 |    13 ||   310
       Halberd           |       |       |       |    15 |       |       ||    15
       Fustibalus        |       |       |       |     1 |       |       ||     1
       Mace              |       |       |       |       |       |    35 ||    35
 Fire: Fustibalus        |       |       |     5 |    46 |   191 |   258 ||   500
Throw: Tomahawk          |       |     2 |     1 |     2 |    38 |    48 ||    91
       Javelin           |       |       |    10 |    32 |    10 |     3 ||    55
Invok: Recite            |     2 |     2 |    12 |     3 |    10 |    20 ||    49
       Donate Gold       |       |     2 |       |       |       |     1 ||     3
       Vitalisation      |       |       |       |     1 |       |       ||     1
 Abil: Evoke Blink       |       |       |     6 |     9 |     8 |    22 ||    45
Evoke: Wand              |       |       |     3 |    21 |    22 |    35 ||    81
  Use: Scroll            |     3 |     2 |     4 |    15 |     8 |    10 ||    42
       Potion            |       |     4 |     4 |     4 |     4 |    12 ||    28
 Stab: Invisible         |       |       |     3 |       |     3 |       ||     6
       Distracted        |       |       |     1 |       |       |     4 ||     5
       Sleeping          |       |       |     4 |     3 |       |     6 ||    13
       Confused          |       |       |     3 |     2 |    10 |    35 ||    50
       Paralysed         |       |       |     2 |     1 |    11 |     2 ||    16
       Petrified         |       |       |       |       |       |    17 ||    17
  Eat: Chunk             |     1 |     9 |     7 |     5 |    11 |       ||    33
       Ration            |       |     1 |     4 |     4 |     6 |    11 ||    26
Armor: Scale mail        |    41 |    23 |       |       |       |       ||    64
       Chain mail        |       |    60 |     5 |     5 |    10 |       ||    80
       Leather armour    |       |       |    55 |    31 |       |       ||    86
       Plate armour      |       |       |       |    81 |   342 |   464 ||   887
Dodge: Dodged            |    41 |    56 |   103 |   115 |   142 |   191 ||   648
Block: Shield            |    66 |    11 |       |       |       |       ||    77
       Buckler           |       |    44 |   152 |   151 |   349 |   466 ||  1162
       Reflection        |       |       |     2 |     3 |    10 |    50 ||    65
       Other             |       |       |       |     4 |       |       ||     4
